 Dungeon Crawl Stone Soup version 0.30.0-19-g36f170ea60 (webtiles) character file.

Game seed: 3117517405550763862

7 FishyPogo the Grave Robber (level 1, 0/13 HPs)
             Began as a Demonspawn Necromancer on May 30, 2023.
             Slain by a goblin
             ... wielding a +2 dagger of distortion
              (12 damage)
             ... on level 1 of the Dungeon.
             The game lasted 00:00:59 (66 turns).

FishyPogo the Grave Robber (Demonspawn Necromancer)   Turns: 66, Time: 00:01:00

Health: 0/13       AC:  2    Str:  8    XL:     1   Next: 91%
Magic:  1/3        EV: 12    Int: 16    God:
Gold:   12         SH:  0    Dex: 13    Spells: 3/4 levels left

rFire   . . .        (no weapon)
rCold   . . .        (no shield)
rNeg    . . .        a - +0 robe
rPois   .            (no helmet)
rElec   .            (no cloak)
rCorr   .            (no gloves)
SInv    .            (no boots)
Will    .....        (no amulet)
Stlth   ++           (no ring)
HPRegen 0.22/turn    (no ring)
MPRegen 0.08/turn

%: no passive effects
@: no status effects
A: no striking features
a: no special abilities


You were on level 1 of the Dungeon.
You visited 1 branch of the dungeon, and saw 1 of its levels.

You collected 12 gold pieces.

Inventory:

Armour
 a - a +0 robe (worn)
Potions
 b - a potion of magic
 c - a potion of attraction {unknown}


   Skills:
 - Level 2.0 Dodging
 - Level 2.0 Stealth
 + Level 2.1 Spellcasting
 + Level 4.5 Necromancy


You had 3 spell levels left.
You knew the following spells:

 Your Spells              Type           Power      Damage    Failure   Level
a - Necrotise             Necr           64%        1d7       3%          1

Your spell library contained the following spells:

 Spells                   Type           Power      Damage    Failure   Level
 Vampiric Draining        Necr           16%        2d7       10%         3
 Animate Dead             Necr           16%        N/A       32%         4
 Agony                    Necr           16%        N/A       65%         5


Dungeon Overview and Level Annotations

Branches:
Dungeon (1/15)

Altars:


Message History

The dart slug bites your jackal skeleton.
Your jackal skeleton bites the dart slug.
Your jackal skeleton bites the dart slug.
The dart slug launches a dart at you.
The slug dart hits you but does no damage.
You hit the dart slug but do no damage.
The dart slug is heavily wounded.
Your jackal skeleton bites the dart slug. x2
The dart slug launches a dart at your jackal skeleton.
The slug dart hits your jackal skeleton.
Your jackal skeleton bites the dart slug but does no damage.
The goblin hits your jackal skeleton with a +2 dagger of distortion.
Space warps around your jackal skeleton.
You hit the dart slug.
The dart slug is almost dead.
Your jackal skeleton bites the dart slug.
Your jackal skeleton barely misses the goblin.
The goblin hits your jackal skeleton with a +2 dagger of distortion.
Your jackal skeleton is destroyed!
You hit the dart slug.
You kill the dart slug!
Your jackal skeleton bites the goblin.
Your jackal skeleton barely misses the goblin.
Training target 2.0 for Dodging reached!
Training target 2.0 for Stealth reached!
Your Dodging skill increases to level 2!
Your Stealth skill increases to level 2!
Press: ? - help, v - describe, . - travel
Here: a goblin, wielding a +2 dagger of distortion (moderately wounded, ally target)
The floor.
Casting: Necrotise (safe; 3% risk of failure)
Confirm with . or Enter, or press ? or * to list all spells.
Aiming: Necrotise (safe; 3% risk of failure)
Press: ? - help, Shift-Dir - straight line, f - goblin
Aim: a goblin, wielding a +2 dagger of distortion (moderately wounded, ally target, chance to affect: 86%)
The goblin writhes in agony.
Your jackal skeleton misses the goblin.
The goblin hits you with a +2 dagger of distortion.
Space warps horribly around you!
Ouch! That really hurt!
You die...

#..............#######
#.............$.......
####'######...........
.. #.######..........
#$ #.#...............
#.##.#.###......####
#.#.....##......#
#....#..##......#
#.......##....g@#
#....##.##....Z.#
#.......##......#
#.....#.##.......
##.....# ##.#####..
#....#.# ... ..
.......# ## ..
......## ... ......#


You could see a goblin (ally target) and a friendly jackal skeleton.

Vanquished Creatures
  A dart slug (D:1)
  A hobgoblin (D:1)
  2 jackals (D:1)
  A frilled lizard (D:1)
5 creatures vanquished.

Notes
Turn   | Place    | Note
-------+----------+-------------------------------------------
     0 | D:1      | FishyPogo the Demonspawn Necromancer began the quest for
                  | the Orb.
     0 | D:1      | Reached XP level 1. HP: 13/13 MP: 3/3
    66 | D:1      | Slain by a goblin

Illustrated notes

Levels and vault maps discovered:
D:1:      dpeg_arrival_boxorama, layout_basic

Skill      XL: |  1 |
---------------+----+-----
Dodging        | 2 |  2.0
Stealth        | 2 |  2.0
Spellcasting   | |  2.1
Necromancy     | |  4.5

Action                     || total
---------------------------++-------
  Melee: Unarmed           ||     3
   Cast: Necrotise         ||     6
 Armour: Robe              ||     1
